 Dungeon Crawl Stone Soup version 0.32-a0-893-gf85d74f360 (webtiles) character file.

Game seed: 14059743065606700778

6 Biggs the Slasher (level 1, -1/16 HPs)
             Began as a Coglin Gladiator on Apr 4, 2024.
             Slain by a goblin
             ... wielding a +0 club
              (4 damage)
             ... on level 1 of the Dungeon.
             The game lasted 00:00:16 (56 turns).

Biggs the Slasher (Coglin Gladiator)                  Turns: 56, Time: 00:00:16

Health: -1/16      AC:  4    Str: 14    XL:     1   Next: 90%
Magic:  1/1        EV: 11    Int:  7    God:
Gold:   9          SH:  0    Dex: 15    Spells: 0/0 levels left

rFire   . . .        a - +0 long sword {Kamaljyot}
rCold   . . .        f - +0 dagger {Cuetlachtli}
rNeg    . . .        b - +0 leather armour
rPois   .            c - +0 helmet
rElec   .            (no cloak)
rCorr   .            (no gloves)
SInv    .            (no boots)
Will    .....        (amulet unavailable)
Stlth   +            (ring unavailable)
HPRegen 0.22/turn    (ring unavailable)
MPRegen 0.07/turn    (no gizmo)

%: no passive effects
@: revved
A: off-hand wielding, slow wielding, warmup strikes, no jewellery
a: Invent Gizmo


You were on level 1 of the Dungeon.
You visited 1 branch of the dungeon, and saw 1 of its levels.

You collected 9 gold pieces.

Inventory:

Hand Weapons
 a - a +0 long sword (weapon) {Kamaljyot}
 f - a +0 dagger (offhand) {Cuetlachtli}
Missiles
 d - 3 throwing nets (quivered)
 e - a javelin
Armour
 b - a +0 leather armour (worn)
 c - a +0 helmet (worn)


   Skills:
 - Level 2.0 Fighting
 + Level 3.4 Long Blades
 - Level 1.7 Throwing
 - Level 2.6 Dodging


You couldn't memorise any spells.
You didn't know any spells.
Your spell library was empty.

Dungeon Overview and Level Annotations

Branches:
Dungeon (1/15)

Altars:


Innate Abilities, Weirdness & Mutations

You can wield a second weapon in your off-hand.
It takes a long time for you to wield or remove held weapons.
Your first few attacks do less damage.
You cannot equip rings or amulets.


Message History

You barely miss the goblin with your +0 long sword.
You miss the goblin with your +0 dagger.
The goblin closely misses you. The goblin barely misses you.
The quokka twitches its whiskers.
You closely miss the goblin with your +0 long sword.
You barely miss the goblin with your +0 dagger.
The goblin barely misses you. x2
You hit the goblin with your +0 dagger.
The goblin is moderately wounded.
You closely miss the goblin with your +0 long sword.
The goblin closely misses you. The goblin hits you but does no damage.
You hit the goblin but do no damage.
The goblin is moderately wounded.
You barely miss the goblin with your +0 dagger.
The quokka barely misses you. The goblin barely misses you.
The goblin hits you with a +0 club. The quokka barely misses you.
The goblin hits you with a +0 club.
You hit the goblin with your +0 dagger.
You kill the goblin!
The quokka completely misses you. The goblin hits you with a +0 club.
You completely miss the dart slug with your +0 dagger.
The dart slug is severely wounded.
You hit the dart slug with your +0 long sword.
You kill the dart slug!
The quokka barely misses you. The goblin closely misses you.
The quokka closely misses you. The goblin hits you with a +0 club.
The quokka misses you.
Things that are here:
a +0 club; a dart slug corpse You closely miss the quokka with your +0 long sword.
You closely miss the quokka with your +0 dagger.
The quokka bites you.
* * * LOW HITPOINT WARNING * * *
The goblin misses you.
You closely miss the quokka with your +0 dagger.
You closely miss the quokka with your +0 long sword.
The quokka bites you.
* * * LOW HITPOINT WARNING * * *
The goblin hits you with a +0 club.
You die...

########## ..........
....>....# ...#.#.r.#
.......@.# .#....J#g#
.........#
.#.....#.########
......†.........##### ##
...#.#.....####.....###.
...........# ##.##.#...
###...#....# #.##...##
...#.#.#### ##.######


You could see an endoplasm, a quokka and a goblin.

Vanquished Creatures
  A dart slug (D:1)
  A goblin (D:1)
  A hobgoblin (D:1)
  A rat (D:1)
4 creatures vanquished.

Notes
Turn   | Place    | Note
-------+----------+-------------------------------------------
     0 | D:1      | Biggs the Coglin Gladiator began the quest for the Orb.
     0 | D:1      | Reached XP level 1. HP: 16/16 MP: 1/1
    56 | D:1      | Slain by a goblin

Illustrated notes

Levels and vault maps discovered:
D:1:      spicycebolla_green_bress_n_ham_2, layout_basic, serial_aquarium,
          aquarium_bridge_square [aquarium_subvault_wall,
          aquarium_subvault_bridge, aquarium_subvault_balcony,
          aquarium_subvault_balcony], aquarium_bridge_island_small
          [aquarium_subvault_small_open, aquarium_subvault_wall,
          aquarium_subvault_bridge, aquarium_subvault_balcony,
          aquarium_subvault_bridge], aquarium_window_3, aquarium_window_fake,
          aquarium_view_2b, aquarium_view_2e, st_stairs_2

Action                     || total
---------------------------++-------
  Melee: Dagger            ||    15
         Long sword        ||    12
 Armour: Leather armour    ||    12
  Dodge: Dodged            ||    23

Table legend: (Time is in decaauts)
 A = Elapsed time spent in this place.
 B = Non-inter-level travel time spent in this place.
 C = Inter-level travel time spent in this place.
 D = Time resting spent in this place.
 E = Time spent auto-exploring this place.
 F = Levels seen in this place.
 G = Mean time per level.
                   A        B        C        D        E       F      G
               +--------+--------+--------+--------+--------+-----+--------+
         Total |     57 |     57 |      0 |      0 |     28 |   1 |   57.0 |
       Dungeon |     57 |     57 |      0 |      0 |     28 |   1 |   57.0 |
               +--------+--------+--------+--------+--------+-----+--------+

Top non-repeatable levels by time:
     D:1: 57 daAuts
